 Dungeon Crawl Stone Soup version 0.31-a0-236-g9a0961fb85 (webtiles) character file.

Game seed: 16586829707201651766

51 qw the Shooter (level 3, -1/21 HPs)
             Began as a Gargoyle Hexslinger on July 9, 2023.
             Slain by a hobgoblin (5 damage)
             ... led by Robin
             ... on level 2 of the Dungeon.
             The game lasted 00:00:31 (952 turns).

qw the Shooter (Gargoyle Hexslinger)                 Turns: 952, Time: 00:00:31

Health: -1/21      AC:  9    Str: 11    XL:     3   Next: 81%
Magic:  4/4        EV: 10    Int: 13    God:
Gold:   80         SH:  0    Dex: 14    Spells: 3/4 levels left

rFire   . . .        Y - +1 sling
rCold   . . .        (no shield)
rNeg    + . .        i - +0 ring mail
rPois   inf          (no helmet)
rElec   +            (no cloak)
rCorr   .            (no gloves)
SInv    .            e - +0 pair of boots
Will    .....        (no amulet)
Stlth   +            (no ring)
HPRegen 0.23/turn    (no ring)
MPRegen 0.09/turn

%: no passive effects
@: no status effects
A: sickness immunity, AC +3, negative energy resistance 1, electricity
resistance, torment resistance 1, petrification resistance
a: no special abilities


You were on level 2 of the Dungeon.
You visited 1 branch of the dungeon, and saw 2 of its levels.

You collected 120 gold pieces.
You spent 40 gold pieces at shops.


Innate Abilities, Weirdness & Mutations

You are immune to sickness and miasma.
Your stone body is resilient. (AC +3)
You are immune to poison.
You resist negative energy. (rN+)
You are resistant to electric shocks. (rElec)
You are resistant to unholy torment.
You are immune to petrification.


   Skills:
 - Level 2.0 Fighting
 + Level 3.4 Ranged Weapons
 - Level 1.0 Armour
 - Level 1.5 Dodging
 - Level 1.0 Spellcasting
 - Level 2.6 Hexes


You had 3 spell levels left.
You knew the following spells:

 Your Spells              Type           Power      Damage    Failure   Level
a - Slow                  Hex            28%        N/A       22%         1

Your spell library contained the following spells:

 Spells                   Type           Power      Damage    Failure   Level
 Inner Flame              Hex/Fire       4%         N/A       75%         3
 Portal Projectile        Hex/Tloc       8%         N/A       75%         3
 Cause Fear               Hex            3%         N/A       91%         4

Inventory:

Hand Weapons
 Y - a +1 sling (weapon)
Armour
 e - a +0 pair of boots (worn)
 i - a +0 ring mail (worn)
Scrolls
 h - a scroll of identify
Potions
 j - a potion of degeneration {unknown}

Dungeon Overview and Level Annotations

Branches:
Dungeon (2/15)

Altars:

Shops:
D:1 *

Annotations:
D:2 Robin


Message History

The sling bullet barely misses the goblin.
The sling bullet hits the hobgoblin but does no damage.
The hobgoblin completely misses you. The goblin completely misses you.
The hobgoblin completely misses you.
The goblin hits you with a +1 dagger of holy wrath.
You shoot a sling bullet.
The sling bullet closely misses the goblin.
The sling bullet hits the hobgoblin.
The hobgoblin is heavily wounded.
The goblin hits you with a +1 dagger of holy wrath.
The hobgoblin misses you.
You shoot a sling bullet. The sling bullet hits the goblin!
You kill the goblin!
The hobgoblin hits you but does no damage.
The hobgoblin closely misses you. x2
You shoot a sling bullet.
The sling bullet barely misses the hobgoblin.
Robin throws the goblin at you! The hobgoblin hits you. x2
The goblin misses you.
You shoot a sling bullet. The sling bullet hits the hobgoblin.
The hobgoblin is severely wounded.
The hobgoblin no longer looks unusually strong.
The goblin no longer looks unusually strong.
The hobgoblin misses you. The goblin barely misses you.
The hobgoblin hits you but does no damage.
You shoot a sling bullet. The sling bullet hits the hobgoblin.
You kill the hobgoblin!
The goblin hits you but does no damage. The hobgoblin closely misses you.
Robin hits you but does no damage. The hobgoblin closely misses you.
The goblin hits you but does no damage.
You shoot a sling bullet. The sling bullet closely misses Robin.
Robin hits you with a +0 mace. The goblin hits you but does no damage.
The hobgoblin closely misses you.
You shoot a sling bullet. The sling bullet hits Robin.
Robin is moderately wounded.
Robin roars a battlecry!
The goblin goes into a battle-frenzy!
The goblin hits you but does no damage. The hobgoblin barely misses you.
Robin barely misses you. The hobgoblin hits you.
You die...

...... ...... ......#
....... ....)..
..)....
...#.#......?..g###
...#.#.........g@)#
..........##.####g#
..<...............####
...........#.#.......#
...........#..:#####.#
...?.......#########.#
.....................#
..........############
..#.#######


You could see Robin, a hobgoblin (strong) and a goblin (strong).

Vanquished Creatures
  3 dart slugs (D:1)
  2 endoplasms (D:1)
  2 giant cockroaches (D:1)
  8 goblins
  4 hobgoblins
  2 jackals (D:1)
  2 kobolds (D:1)
  2 quokkas (D:1)
  4 ball pythons (D:1)
  A bat (D:1)
  3 frilled lizards (D:1)
  9 rats
42 creatures vanquished.

Notes
Turn   | Place    | Note
-------+----------+-------------------------------------------
     0 | D:1      | qw the Gargoyle Hexslinger began the quest for the Orb.
     0 | D:1      | Reached XP level 1. HP: 12/12 MP: 2/2
     0 | D:1      | 0 ||| qw: Version: 0.3-a-51-g015441d
     0 | D:1      | 0 ||| qw: Game counter: 4376
     0 | D:1      | 0 ||| qw: Melee chars always use a shield: true
     0 | D:1      | 0 ||| qw: God list: Okawaru
     0 | D:1      | 0 ||| qw: Allow faded altars: false
     0 | D:1      | 0 ||| qw: Do Orc after clearing Dungeon:15 true
     0 | D:1      | 0 ||| qw: Do second Lair branch before Depths: true
     0 | D:1      | 0 ||| qw: Lair rune preference: random
     0 | D:1      | 0 ||| qw: Goals: Normal
     0 | D:1      | 0 ||| PLANNING D:1-11
   106 | D:1      | Reached XP level 2. HP: 9/16 MP: 3/3
   169 | D:1      | Reached skill level 3 in Ranged Weapons
   192 | D:1      | Reached XP level 3. HP: 18/21 MP: 4/4
   610 | D:1      | Found Vius's General Store.
   619 | D:1      | 619 ||| BUYING +0 ring mail (40 gold).
   619 | D:1      | Bought a +0 ring mail for 40 gold pieces
   619 | D:1      | 619 ||| SHOPLISTING +2 cloak (165 gold, have 41).
   824 | D:1      | 824 ||| UPGRADING to +0 leather armour.
   834 | D:1      | 834 ||| DROPPING +0 robe.
   835 | D:1      | 835 ||| UPGRADING to +0 pair of boots.
   840 | D:1      | 840 ||| UPGRADING to +0 ring mail.
   850 | D:1      | 850 ||| DROPPING +0 leather armour.
   851 | D:1      | 851 ||| READING scroll labelled ABITOW JAFID.
   852 | D:1      | 852 ||| READING scroll labelled JUPRODYSALL.
   857 | D:1      | 857 ||| READING 2 scrolls labelled ZIRGHAU RUSIROT.
   858 | D:1      | 858 ||| DROPPING scroll of poison.
   935 | D:2      | Noticed Robin
   945 | D:2      | Reached skill level 1 in Armour
   948 | D:2      | HP: 3/21 [hobgoblin[Robin] (4)]
   952 | D:2      | Slain by a hobgoblin

Levels and vault maps discovered:
D:1:      saegor_arrival_simple_b, layout_basic, serial_shops,
          nicolae_diamond_shop, serial_glass, glass_columns_b, glass_columns_a,
          wander_ebering_terrifying_dragon_lair
D:2:      layout_basic, serial_forest, infiniplex_forest_diagonal,
          infiniplex_forest_clump_small, infiniplex_forest_end_2,
          infiniplex_forest_straight_2, hangedman_decor_riveting, uniq_robin

Skill      XL: |  1  2  3 |
---------------+----------+-----
Ranged Weapons | 3 |  3.4
Fighting       | 2 |  2.0
Armour         | 1 |  1.0
Dodging        | |  1.5
Spellcasting   | |  1.0
Hexes          | |  2.6

Action                     || total
---------------------------++-------
   Fire: Sling             ||   134
    Use: Scroll            ||     3
 Armour: Robe              ||    11
         Ring mail         ||    20
  Dodge: Dodged            ||    65

Table legend:
 A = Non-vault XP
 B = Vault XP
 C = Vault XP percentage of total XP
 D = Non-vault monster count
 E = Vault monster count
 F = Vault count percentage of total count
                 A         B        C        D         E       F
            +---------+---------+-------+---------+---------+-------
      Total |      56 |      17 |  23.3 |      33 |       9 |  21.4
            +---------+---------+-------+---------+---------+-------
        D:1 |      55 |       1 |   1.8 |      32 |       1 |   3.0
        D:2 |       1 |      16 |  94.1 |       1 |       8 |  88.9
            +---------+---------+-------+---------+---------+-------
